 Dungeon Crawl Stone Soup version 0.28.0-53-g5a82cb258f (webtiles) character file.

Game seed: 16746863319116917356

603 Gabide the Skirmisher (level 7, -1/56 HPs)
             Began as a Mummy Berserker on June 3, 2022.
             Was a Priest of Trog.
             Engulfed by a steam dragon's steam (3 damage)
             ... on level 4 of the Dungeon.
             The game lasted 00:09:17 (4751 turns).

Gabide the Skirmisher (Mummy Berserker)             Turns: 4751, Time: 00:09:18

Health: -1/56      AC: 16    Str: 23    XL:     7   Next: 18%
Magic:  7/7        EV: 11    Int: 12    God:    Trog [***...]
Gold:   192        SH:  5    Dex: 11    Spells: 6/6 levels left

rFire   x . .      SeeInvis .   a - +0 hunting sling
rCold   + . .      Faith    +   d - +2 buckler
rNeg    + + +      Spirit   .   c - +2 ring mail {rPois}
rPois   ∞          Reflect  .   o - +0 helmet
rElec   .          Harm     .   q - +2 cloak
rCorr   .          Rampage  .   (no gloves)
Will    +....                   k - +0 pair of boots
Stlth   +.........              g - amulet of faith
HPRegen 1.18/turn               s - +6 ring of intelligence
MPRegen 0.10/turn               f - +4 ring of protection

@: weak-willed, strong-willed, regenerating
A: cold resistance 1, negative energy resistance 3, torment resistance 2, heat
vulnerability 1, no potions
a: Renounce Religion, Trog's Hand


You were on level 4 of the Dungeon.
You worshipped Trog.
Trog was most pleased with you.
You visited 1 branch of the dungeon, and saw 4 of its levels.

You collected 192 gold pieces.

Inventory:

Hand Weapons
 a - a +0 hunting sling (weapon)
 b - a +2 short sword of electrocution
Missiles
 e - 3 stones
 h - 5 poisoned darts
 r - 2 throwing nets (quivered)
 t - 45 sling bullets (quivered ammo)
Armour
 c - a +2 ring mail of poison resistance (worn)
 d - a +2 buckler (worn)
 k - a +0 pair of boots (worn)
 o - a +0 helmet (worn)
 q - a +2 cloak (worn)
Jewellery
 f - a +4 ring of protection (right hand)
 g - an amulet of faith (around neck)
 s - a +6 ring of intelligence (left hand)
Scrolls
 n - a scroll of enchant armour {unknown}
 p - a scroll of teleportation {unknown}


   Skills:
 + Level 5.4 Fighting
 - Level 1.5 Armour
 + Level 4.0 Dodging
 + Level 4.4 Unarmed Combat


You had 6 spell levels left.
You didn't know any spells.
Your spell library was empty.

Dungeon Overview and Level Annotations

Branches:
Dungeon (4/15)             Temple (0/1) D:4

Altars:
Makhleb
Nemelex Xobeh

Annotations:
D:3 1 runed translucent door, hitsuchi's ghost, amateur OpBr


Innate Abilities, Weirdness & Mutations

You are immune to poison.
Your flesh is cold resistant. (rC+)
You are immune to negative energy. (rN+++)
You are immune to unholy pain and torment.
You are vulnerable to heat. (rF-)
You do not drink.


Message History

The steam dragon breathes steam at you. The ball of steam misses you.
The orc hits you but does no damage. x2
The orc hits you but does no damage.
This is a scroll of acquirement!
Something appears at your feet!
The steam dragon bites you but does no damage.
You block the steam dragon's attack.
The orc hits you from afar with a +0 trident.
The orc hits you with a +0 club.
f - a +4 ring of protection You block the steam dragon's attack.
The steam dragon barely misses you. The orc barely misses you.
The orc hits you with a +0 club.
f - a +4 ring of protection (right hand)
The steam dragon breathes steam at you. The ball of steam hits you!
The steam scalds you terribly! The orc completely misses you.
Throw: 3 throwing nets
Press: ? - help, Q - select action, (/) - cycle Shift-Dir - straight line, f - steam dragon
Aim: a steam dragon (grey smoke, inner flame, weak-willed, 57% to hit)
You throw a throwing net. The throwing net hits the steam dragon.
The steam dragon is caught in the net!
The orc misses you.
The steam dragon struggles against the net.
The orc closely misses you.
You can't drink.
Your skin crawls.
You feel strong-willed. The orc hits you with a +0 club.
The orc hits you from afar with a +0 trident.
The steam dragon breathes steam at you. The ball of steam hits you!!
The steam scalds you terribly!
* * * LOW HITPOINT WARNING * * *
The steam dragon struggles against the net.
The orc hits you but does no damage.
Really walk into that cloud of steam?
Okay, then.
Really walk into that cloud of steam?
You are engulfed in a cloud of scalding steam.
You are engulfed in a cloud of scalding steam.
You die...

......#...............#........#.
......#..........!....#........'.
......#...............#........#.
#.....###..##.##############...##
#.....###..##.####§.§# ...#######
...................§§#.....#.....
...............§.§§o§§o....#.....
.............§.§§§oD§#.....#.....
#.####'##....§§!@§o§§# ...##...##
####...############### #########
.#.#....# [.......# .#)#....#
........# .#.#....# ........#
.#.#....#


You could see 2 orcs.

Vanquished Creatures
  A phantom (D:4)
  2 water moccasin skeletons
  2 orc priests (D:4)
  2 gnoll shamans (D:4)
  2 orc wizards (D:4)
  13 gnolls
  3 adders
  2 white imps (D:4)
  An adder skeleton (D:4)
  2 worms
  A dart slug (D:1)
  10 orcs
  4 endoplasms
  3 giant cockroaches
  6 goblins
  5 hobgoblins
  7 jackals
  2 quokkas (D:1)
  6 ball pythons
  10 bats
  4 frilled lizards
  7 kobolds
  4 rats
99 creatures vanquished.

Notes
Turn   | Place    | Note
-------+----------+-------------------------------------------
     0 | D:1      | Gabide the Mummy Berserker began the quest for the Orb.
     0 | D:1      | Reached XP level 1. HP: 18/18 MP: 1/1
   462 | D:1      | Reached XP level 2. HP: 19/24 MP: 2/2
   929 | D:1      | Reached ** piety under Trog
  1159 | D:1      | Reached XP level 3. HP: 29/29 MP: 3/3
  1710 | D:2      | Reached XP level 4. HP: 17/37 MP: 4/4
  2069 | D:2      | Reached skill level 4 in Fighting
  2843 | D:3      | Found a faded altar of an unknown god.
  2844 | D:3      | Found a runed translucent door.
  2844 | D:3      | Noticed hitsuchi's ghost (amateur OpBr)
  3028 | D:3      | Reached XP level 5. HP: 42/42 MP: 5/5
  3187 | D:4      | Reached *** piety under Trog
  3254 | D:4      | Found a burning altar of Makhleb.
  3584 | D:4      | Reached XP level 6. HP: 48/49 MP: 6/6
  3963 | D:4      | Reached skill level 5 in Fighting
  4182 | D:4      | Found a staircase to the Ecumenical Temple.
  4326 | D:4      | Reached XP level 7. HP: 56/56 MP: 7/7
  4453 | D:4      | Found a sparkling altar of Nemelex Xobeh.
  4735 | D:4      | Noticed a steam dragon
  4745 | D:4      | Identified a scroll of acquirement
  4745 | D:4      | Acquired a +4 ring of protection
  4749 | D:4      | HP: 1/56 [steam dragon/ball of steam (27)]
  4751 | D:4      | Engulfed by a steam dragon's steam

Illustrated notes

Levels and vault maps discovered:
D:1:      dpeg_arrival_erosion, layout_basic
D:2:      layout_rooms
D:3:      layout_rooms, ebering_ecumenical_altar_box, gammafunk_ghost_grave,
          serial_bayou_lake_a
D:4:      layout_gridville, bloody_makhleb, nemelex_diamond_rough_becter,
          temple_hall, st_stairs_11

Skill      XL: |  1  2  3  4  5  6  7 |
---------------+----------------------+-----
Dodging        | 2 3 4 |  4.0
Unarmed Combat | 3 4 |  4.4
Fighting       | 4 5 |  5.4
Armour         | |  1.5

Action                   |  1- 3 |  4- 6 |  7- 9 || total
-------------------------+-------+-------+-------++-------
Melee: Unarmed           |   152 |    62 |       ||   214
       Punch             |     2 |       |       ||     2
       Short sword       |       |   100 |     4 ||   104
 Fire: Hunting sling     |     3 |    74 |    18 ||    95
Throw: Stone             |       |    10 |       ||    10
       Throwing net      |       |       |     1 ||     1
Invok: Trog's Hand       |       |       |     1 ||     1
  Use: Scroll            |       |       |     5 ||     5
Armor: Animal skin       |    27 |       |       ||    27
       Ring mail         |    20 |    64 |     8 ||    92
Dodge: Dodged            |   130 |    93 |    14 ||   237
Block: Buckler           |     9 |    44 |     8 ||    61
